 Dungeon Crawl Stone Soup version 0.31-a0-675-g238779e (webtiles) character file.

Game seed: 864825446213360109

132 BarneyGumball the Cutter (level 5, -1/38 HPs)
             Began as a Merfolk Gladiator on Sept 5, 2023.
             Slain by a gnoll
             ... wielding a +0 spear
              (7 damage)
             ... on level 4 of the Dungeon.
             The game lasted 00:10:19 (2196 turns).

BarneyGumball the Cutter (Merfolk Gladiator)        Turns: 2196, Time: 00:10:19

Health: -1/38      AC:  5    Str: 14    XL:     5   Next: 15%
Magic:  5/5        EV: 13    Int:  8    God:
Gold:   110        SH:  0    Dex: 17    Spells: 4/4 levels left

rFire   . . .        a - +0 rapier
rCold   . . .        (no shield)
rNeg    . . .        b - +0 leather armour
rPois   .            c - +0 helmet
rElec   .            (no cloak)
rCorr   .            l - +0 pair of gloves
SInv    .            (no boots)
Will    .....        (no amulet)
Stlth   ++           (no ring)
HPRegen 0.26/turn    (no ring)
MPRegen 0.09/turn

%: no passive effects
@: no status effects
A: (nimble swimmer 2), mertail
a: no special abilities


You were on level 4 of the Dungeon.
You visited 1 branch of the dungeon, and saw 4 of its levels.

You collected 110 gold pieces.

Inventory:

Hand Weapons
 a - a +0 rapier (weapon)
Missiles
 d - 3 throwing nets
 e - a javelin
 g - 5 poisoned darts (quivered)
Armour
 b - a +0 leather armour (worn)
 c - a +0 helmet (worn)
 l - a +0 pair of gloves (worn)
 q - a +3 ring mail of fire resistance
Scrolls
 f - a scroll of torment {unknown}
 i - a scroll of poison {unknown}
 j - a scroll of blinking {unknown}
 k - 3 scrolls of identify {unknown}
 m - a scroll of immolation {unknown}
 s - a scroll of teleportation {unknown}
 t - a scroll of amnesia {unknown}
 u - a scroll of enchant armour {unknown}
 v - a scroll of noise {unknown}
 w - a scroll of enchant weapon {unknown}
Potions
 h - a potion of curing
 n - a potion of heal wounds {unknown}
 o - a potion of cancellation {unknown}
 p - a potion of degeneration {unknown}
 r - a potion of brilliance {unknown}


   Skills:
 - Level 2.1 Fighting
 + Level 5.0 Short Blades
 + Level 3.3 Throwing
 - Level 4.0 Dodging
 + Level 3.0 Stealth


You had 4 spell levels left.
You didn't know any spells.
Your spell library contained the following spells:

 Spells                   Type           Power      Damage    Failure   Level
 Blink                    Tloc           0%         N/A       63%         2
 Lesser Beckoning         Tloc           0%         N/A       63%         2
 Momentum Strike          Conj/Tloc      0%         3d8       63%         2


Dungeon Overview and Level Annotations

Branches:
Dungeon (4/15)
 Temple: D:4-7

Altars:

Shops:
D:1 *

Annotations:
D:3 Ijyb, Terence


Innate Abilities, Weirdness & Mutations

((You are very nimble when in or above water. (Stealth+, EV+, Speed+++)))
Your lower body shifts to a powerful aquatic tail in water.


Message History

You closely miss the hobgoblin. The hobgoblin hits you.
The gnoll hits you from afar with a +0 spear.
You hit the hobgoblin but do no damage.
The hobgoblin hits you but does no damage.
The gnoll hits you from afar with a +0 spear.
* * * LOW HITPOINT WARNING * * *
You hit the hobgoblin but do no damage. The hobgoblin barely misses you.
The gnoll hits you from afar with a +0 spear!
* * * LOW HITPOINT WARNING * * *
Okay, then.
You hit the hobgoblin.
The hobgoblin is lightly wounded.
The hobgoblin hits you.
* * * LOW HITPOINT WARNING * * *
The gnoll closely misses you.
You closely miss the hobgoblin.
The hobgoblin is lightly wounded.
The hobgoblin closely misses you. The gnoll barely misses you.
Okay, then.
You closely miss the hobgoblin.
The hobgoblin is lightly wounded.
The hobgoblin closely misses you. The gnoll closely misses you.
You barely miss the hobgoblin.
The hobgoblin is lightly wounded.
The hobgoblin hits you but does no damage.
The gnoll closely misses you.
It was a potion of curing.
You feel better. The hobgoblin barely misses you. The gnoll misses you.
You closely miss the hobgoblin.
The hobgoblin is lightly wounded.
The hobgoblin hits you.
* * * LOW HITPOINT WARNING * * *
The gnoll hits you from afar with a +0 spear.
* * * LOW HITPOINT WARNING * * *
The gnoll shouts!
You hit the hobgoblin.
The hobgoblin is severely wounded.
The hobgoblin closely misses you.
The gnoll hits you from afar with a +0 spear!
You die...

#.# #.# ... ..# #######
#########.....# ##
#....)).....# ..
#.#######.#....
#.####.#######.###.#
#..................#
#.###g####.######.######
#>g...g@...# ##.##
############ ##...##
#.....#### #..†......
#.....#### ##...## #####


You could see 2 gnolls and a hobgoblin.

Vanquished Creatures
  4 adders
  2 gnolls (D:4)
  A worm (D:2)
  2 dart slugs (D:3)
  13 orcs
  4 endoplasms
  2 giant cockroaches
  3 hobgoblins
  4 kobolds
  6 quokkas
  6 ball pythons
  2 bats
  2 frilled lizards (D:2)
  2 goblins
  4 rats (D:1)
57 creatures vanquished.

Notes
Turn   | Place    | Note
-------+----------+-------------------------------------------
     0 | D:1      | BarneyGumball the Merfolk Gladiator began the quest for the
                  | Orb.
     0 | D:1      | Reached XP level 1. HP: 16/16 MP: 1/1
    40 | D:1      | Found Ypigh's General Store.
    97 | D:1      | Reached skill level 1 in Stealth
    97 | D:1      | Reached XP level 2. HP: 22/22 MP: 2/2
   357 | D:1      | Found a faded altar of an unknown god.
   503 | D:2      | Reached skill level 4 in Short Blades
   632 | D:2      | Reached XP level 3. HP: 15/27 MP: 3/3
  1074 | D:2      | Reached XP level 4. HP: 31/33 MP: 4/4
  1384 | D:3      | Noticed Terence
  1385 | D:3      | Noticed Ijyb
  2099 | D:4      | Reached XP level 5. HP: 38/38 MP: 5/5
  2186 | D:4      | Reached skill level 5 in Short Blades
  2196 | D:4      | Slain by a gnoll

Illustrated notes

Levels and vault maps discovered:
D:1:      wander_arrival_lonely_grave, layout_rooms, serial_shops,
          shop_fountains, nicolae_ecumenical_lake_church
D:2:      layout_loops_corners
D:3:      layout_basic, lemuel_doored_altar, uniq_natasha, uniq_jessica,
          uniq_ijyb, uniq_terence
D:4:      layout_loops_ring, chequers_mini_garden

Skill      XL: |  1  2  3  4  5 |
---------------+----------------+-----
Stealth        | 1 2 3 |  3.0
Short Blades   | 4 5 |  5.0
Throwing       | 3 |  3.3
Fighting       | |  2.1
Dodging        | |  4.0

Action                     |  1- 3 |  4- 6 || total
---------------------------+-------+-------++-------
  Melee: Rapier            |   115 |   141 ||   256
         Punch             |       |     2 ||     2
  Throw: Dart              |       |     4 ||     4
    Use: Potion            |       |     1 ||     1
   Stab: Sleeping          |     3 |     3 ||     6
 Armour: Leather armour    |    58 |    65 ||   123
  Dodge: Dodged            |    77 |    88 ||   165

Table legend: (Time is in decaauts)
 A = Elapsed time spent in this place.
 B = Non-inter-level travel time spent in this place.
 C = Inter-level travel time spent in this place.
 D = Time resting spent in this place.
 E = Time spent auto-exploring this place.
 F = Levels seen in this place.
 G = Mean time per level.
                   A        B        C        D        E       F      G
               +--------+--------+--------+--------+--------+-----+--------+
         Total |   2185 |   2095 |     90 |     91 |   1282 |   4 |  546.2 |
       Dungeon |   2185 |   2095 |     90 |     91 |   1282 |   4 |  546.2 |
               +--------+--------+--------+--------+--------+-----+--------+

Top non-repeatable levels by time:
     D:2: 1045 daAuts
     D:4: 610 daAuts
     D:1: 387 daAuts
     D:3: 142 daAuts
